 Dungeon Crawl Stone Soup version 0.19.0-2-gae57169 (webtiles) character file.

68 spe3d0 the Shield-Bearer (level 4, -3/35 HPs)
             Began as a Demonspawn Fighter on Nov 4, 2016.
             Slain by a gnoll
             ... wielding a +0 halberd
              (10 damage)
             ... on level 2 of the Dungeon.
             The game lasted 00:02:02 (840 turns).

spe3d0 the Shield-Bearer (Demonspawn Fighter)        Turns: 840, Time: 00:02:03

Health: -3/35      AC:  6    Str: 21    XL:     4   Next: 1%
Magic:  4/4        EV:  7    Int: 10    God:
Gold:   68         SH:  9    Dex: 13    Spells: 0 memorised, 3 levels left

rFire  . . .     SeeInvis .     a - +0 long sword
rCold  . . .     Gourm    .     b - +0 scale mail
rNeg   . . .     Faith    .     c - +0 shield
rPois  .         Spirit   .     (no helmet)
rElec  .         Reflect  .     (no cloak)
rCorr  .         Harm     .     (no gloves)
MR     .....                    (no boots)
Stlth  ..........               (no amulet)
                                (no ring)
                                (no ring)

@: mighty
A: powered by pain 1, spiny 1
a: no special abilities


You were on level 2 of the Dungeon.
You were not hungry.

You visited 1 branch of the dungeon, and saw 2 of its levels.

You collected 68 gold pieces.


Innate Abilities, Weirdness & Mutations

You sometimes gain a little power by taking damage.
You are partially covered in sharp spines.


   Skills:
 - Level 3.0 Fighting
 * Level 2.7 Long Blades
 * Level 3.2 Armour
 * Level 3.3 Shields


You had 3 spell levels left.
You didn't know any spells.

Inventory:

Hand Weapons
 a - a +0 long sword (weapon)
Armour
 b - a +0 scale mail (worn)
 c - a +0 shield (worn)
Scrolls
 e - a scroll of fear {unknown}
 h - 2 scrolls of blinking {unknown}
Potions
 d - a potion of might
 i - a potion of flight {unknown}
 j - 2 potions of curing {unknown}
 k - a potion of ambrosia {unknown}
Comestibles
 f - a bread ration {@e1}
 g - a meat ration {@e1}
 l - a chunk of flesh

Dungeon Overview and Level Annotations

Branches:
Dungeon (2/15)

Altars:

#..#..###.##########.#
#..#..# #.# #.#
#..#..# #.# #5#
##..#..###.# #...#
...<........# #...#
....###..########
..... ### ##........#
#..... #.######..
...... #@# ##..... #g#
#..... #g# .g. .....
....... ###....##
#...## #..##


You could see 3 gnolls.


Message History

You start resting.
You feel yourself speed up.
Unknown command.
You butcher the felid corpse of Natasha.
l - a chunk of flesh A gnoll comes into view.
It is wielding a whip.
The gnoll moves out of view.
A gnoll comes into view. It is wielding an enchanted halberd.
The gnoll shouts!
A gnoll comes into view. It is wielding a halberd.
A gnoll comes into view.
The gnoll shouts! x2
You hit the gnoll.
The gnoll is lightly wounded.
The gnoll hits you with a whip.
The gnoll hits you from afar with a halberd.
You feel very mighty all of a sudden. The gnoll is struck by your spines.
The gnoll hits you with a whip.
The gnoll hits you from afar with an enchanted halberd!
* * * LOW HITPOINT WARNING * * *
You slash the gnoll!
The gnoll is almost dead.
The gnoll closely misses you.
You riposte.
You hit the gnoll.
You kill the gnoll!
You have reached level 4!
You feel clever.
Your demonic ancestry asserts itself...
You feel energised by your suffering. You block the gnoll's attack.
The gnoll hits you from afar with a halberd!
You die...

Skill      XL: |  1  2 |
---------------+-------+-----
Long Blades    | 2 |  2.7
Shields        | 3 |  3.3
Armour         | 3 |  3.2
Fighting       | |  3.0

Action                   |  1- 3 |  4- 6 || total
-------------------------+-------+-------++-------
Melee: Long sword        |    70 |       ||    70
  Use: Potion            |     1 |       ||     1
Armor: Scale mail        |    26 |       ||    26
       Skin              |     4 |       ||     4
Dodge: Dodged            |    13 |       ||    13
Block: Shield            |    38 |     1 ||    39
       Rpst.: Long sword |     8 |       ||     8

Vault maps used:
D:1:      minmay_arrival_jagged, minmay_pentomino_r4
D:2:      uniq_natasha

Notes
Turn   | Place    | Note
-------+----------+-------------------------------------------
     0 | D:1      | spe3d0 the Demonspawn Fighter began the quest for the Orb.
     0 | D:1      | Reached XP level 1. HP: 18/18 MP: 1/1
    52 | D:1      | Reached skill level 2 in Long Blades
    87 | D:1      | Gained mutation: You are partially covered in sharp spines. [demonic ancestry]
    87 | D:1      | Reached XP level 2. HP: 6/24 MP: 2/2
   340 | D:1      | Reached skill level 3 in Shields
   467 | D:1      | Reached skill level 3 in Armour
   628 | D:1      | Reached XP level 3. HP: 29/29 MP: 3/3
   774 | D:2      | Noticed Natasha
   808 | D:2      | Killed Natasha
   839 | D:2      | Gained mutation: You sometimes gain a little power by taking damage. [demonic ancestry]
   839 | D:2      | Reached XP level 4. HP: 7/35 MP: 4/4
   840 | D:2      | Slain by a gnoll

Vanquished Creatures
  Natasha (D:2)
  A gnoll (D:2)
  A dart slug (D:1)
  5 leopard geckos (D:1)
  A giant cockroach (D:1)
  3 goblins (D:1)
  2 hobgoblins (D:1)
  4 bats (D:1)
  3 frilled lizards (D:1)
  4 kobolds (D:1)
  3 rats (D:1)
28 creatures vanquished.
